 Dungeon Crawl Stone Soup version 0.31.0-11-ge490571c62 (webtiles) character file.

Game seed: 1408245098552475428

34 qw the Shooter (level 3, 0/18 HPs)
             Began as a Spriggan Hunter on Feb 4, 2024.
             Succumbed to their own poison gas
             ... on level 1 of the Dungeon.
             The game lasted 00:00:02 (512 turns).

qw the Shooter (Spriggan Hunter)                     Turns: 512, Time: 00:00:03

Health: 0/18       AC:  3    Str:  7    XL:     3   Next: 14%
Magic:  4/4        EV: 19    Int: 10    God:
Gold:   41         SH:  0    Dex: 20    Spells: 2/2 levels left

rFire   . . .        a - +0 shortbow
rCold   . . .        (shield currently unavailable)
rNeg    . . .        c - +0 robe
rPois   .            (helmet restricted)
rElec   .            f - +0 cloak
rCorr   .            (gloves unavailable)
SInv    +            (boots unavailable)
Will    .....        (no amulet)
Stlth   ++           (no ring)
HPRegen 0.23/turn    (no ring)
MPRegen 0.09/turn

%: no passive effects
@: lethally poisoned (0 -> -7), very quick
A: very small, no large weapons, unfitting armour, see invisible, speed 3
a: no special abilities


You were on level 1 of the Dungeon.
You visited 1 branch of the dungeon, and saw 1 of its levels.

You collected 41 gold pieces.


Innate Abilities, Weirdness & Mutations

You are very small and have problems with some larger weapons.
You are too small for most types of armour.
You have supernaturally acute eyesight. (SInv)
You cover ground extremely quickly. (Speed+++)


   Skills:
 - Level 1.5 Fighting
 + Level 4.5 Ranged Weapons
 - Level 4.0 Dodging
 - Level 1.5 Stealth


You had 2 spell levels left.
You didn't know any spells.
Your spell library was empty.

Inventory:

Hand Weapons
 a - a +0 shortbow (weapon)
Armour
 c - a +0 robe (worn)
 f - a +0 cloak (worn)
Potions
 e - a potion of might
 g - a potion of resistance

Dungeon Overview and Level Annotations

Branches:
Dungeon (1/15)

Altars:


Message History

Done exploring.
503 ||| READING 2 scrolls labelled NAQUER KUN.
As you read the scroll labelled NAQUER KUN, it crumbles to dust.
You feel momentarily disoriented.
It was a scroll of revelation.
Done exploring.
504 ||| READING scroll labelled MILUPR EBBIUKK.
The air fills with toxic fumes!
As you read the scroll labelled MILUPR EBBIUKK, it crumbles to dust.
It was a scroll of poison.
Done exploring.
505 ||| DROPPING scroll of butterflies.
You drop a scroll of butterflies.
Done exploring.
506 ||| DROPPING scroll of revelation.
You drop a scroll of revelation.
Done exploring.
What level of the Dungeon? (default 1, ? - help) Sorry, I don't know how to get there.
Enter note:
Enter note:
Enter note:
Enter note:
Enter note:
Enter note:
Enter note:
Enter note:
Enter note: You are engulfed in poison gas.
You are lethally poisoned!
You feel very sick.
508 ||| Stepping ~*~*~tactically~*~*~ (cloud).
You feel sick.
Things that are here:
a scroll of revelation; a scroll of butterflies
There is a lethal amount of poison in your body!
You feel very sick.
There is a lethal amount of poison in your body!
You feel sick.
There is a lethal amount of poison in your body!
You feel sick.
There is a lethal amount of poison in your body!
You die...

###############
###############
###############
################
#####0¤00¤0¤0¤0#
#####00¤0¤¤¤0¤¤#
#####¤0¤¤¤0¤¤¤¤#
#####00@¤¤¤0¤¤¤#
#######....#¤###..##
#.......####0###..#
#......####.0###..#
#####.....#####.####..#
##.....~...#####>####..#
...###~~~..####..##....#
#......~~..####.###.##.#
...###..~~......#...##.#


There were no monsters in sight!

Vanquished Creatures
  3 dart slugs (D:1)
  4 ball pythons (D:1)
  3 endoplasms (D:1)
  2 goblins (D:1)
  4 hobgoblins (D:1)
  4 kobolds (D:1)
  A quokka (D:1)
  A bat (D:1)
  A frilled lizard (D:1)
  A rat (D:1)
24 creatures vanquished.

Notes
Turn   | Place    | Note
-------+----------+-------------------------------------------
     0 | D:1      | qw the Spriggan Hunter began the quest for the Orb.
     0 | D:1      | Reached XP level 1. HP: 10/10 MP: 2/2
     0 | D:1      | 0 ||| qw: Version: 0.3-a-160-g6735b56
     0 | D:1      | 0 ||| qw: Game counter: 4550
     0 | D:1      | 0 ||| qw: Melee chars always use a shield: true
     0 | D:1      | 0 ||| qw: God list: Okawaru
     0 | D:1      | 0 ||| qw: Allow faded altars: false
     0 | D:1      | 0 ||| qw: Do Orc after clearing Dungeon:15 true
     0 | D:1      | 0 ||| qw: Do second Lair branch before Depths: true
     0 | D:1      | 0 ||| qw: Lair rune preference: random
     0 | D:1      | 0 ||| qw: Goals: Normal
     0 | D:1      | 0 ||| PLANNING D:1-11
    45 | D:1      | Reached skill level 3 in Dodging
    98 | D:1      | Reached XP level 2. HP: 14/14 MP: 3/3
   355 | D:1      | Reached XP level 3. HP: 18/18 MP: 4/4
   491 | D:1      | 491 ||| UPGRADING to +0 cloak.
   496 | D:1      | 496 ||| READING 2 scrolls labelled INTUTZEVVE.
   496 | D:1      | 496 ||| IDENTIFYING fuming puce potion
   497 | D:1      | 497 ||| READING scroll of identify.
   497 | D:1      | 497 ||| IDENTIFYING viscous cyan potion
   498 | D:1      | 498 ||| READING scroll labelled RABRAT JUYST.
   503 | D:1      | 503 ||| READING 2 scrolls labelled NAQUER KUN.
   504 | D:1      | 504 ||| READING scroll labelled MILUPR EBBIUKK.
   505 | D:1      | 505 ||| DROPPING scroll of butterflies.
   506 | D:1      | 506 ||| DROPPING scroll of revelation.
   508 | D:1      | 508 ||| Stepping ~*~*~tactically~*~*~ (cloud).
   510 | D:1      | HP: 4/18 [poisoned by you (poison gas)]
   512 | D:1      | Succumbed to their own poison gas

Levels and vault maps discovered:
D:1:      giann_wishing_wells, layout_rooms, chequers_serial_rivers_small_a

Skill      XL: |  1  2 |
---------------+-------+-----
Dodging        | 3 4 |  4.0
Fighting       | |  1.5
Ranged Weapons | |  4.5
Stealth        | |  1.5

Action                     || total
---------------------------++-------
   Fire: Shortbow          ||    79
    Use: Scroll            ||     5
 Armour: Robe              ||     3
  Dodge: Dodged            ||    15

Table legend:
 A = Non-vault XP
 B = Vault XP
 C = Vault XP percentage of total XP
 D = Non-vault monster count
 E = Vault monster count
 F = Vault count percentage of total count
                 A         B        C        D         E       F
            +---------+---------+-------+---------+---------+-------
      Total |      49 |       0 |   0.0 |      24 |       0 |   0.0
            +---------+---------+-------+---------+---------+-------
        D:1 |      49 |       0 |   0.0 |      24 |       0 |   0.0
            +---------+---------+-------+---------+---------+-------
